 Dungeon Crawl Stone Soup version 0.30.1-4-g462c640d31 (webtiles) character file.

Game seed: 16600326884583817729

22262 shmup the Nimble (level 12, -8/77 HPs)
             Began as a Tengu Fire Elementalist on Aug 13, 2023.
             Was an Elder of Nemelex Xobeh.
             Mangled by a culicivora (10 damage)
             ... on level 3 of the Lair of Beasts on Aug 14, 2023.
             The game lasted 01:26:44 (26466 turns).

shmup the Nimble (Tengu Fire Elementalist)         Turns: 26466, Time: 01:26:44

Health: -8/77      AC:  4    Str:  8    XL:     12   Next: 98%
Magic:  27/29      EV: 21    Int: 21    God:    Nemelex Xobeh [****..]
Gold:   764        SH:  0    Dex: 15    Spells: 2/21 levels left

rFire   + . .        a - +4 short sword (flame)
rCold   + . .        (no shield)
rNeg    + . .        P - +1 robe {Will+}
rPois   .            (helmet restricted)
rElec   .            X - scarf "Mofapp" {rC+ rF+, rN+}
rCorr   .            S - +0 pair of gloves
SInv    +            (boots unavailable)
Will    +....        j - amulet of reflection
Stlth   +            z - ring of magical power
HPRegen 0.32/turn    Y - ring of see invisible
MPRegen 0.21/turn

%: reflection
@: confused, flying quickly and evasively, quick
A: beak, talons 3, nimble flight
a: Renounce Religion, Draw Escape, Draw Destruction, Draw Summoning, Triple
Draw, Deal Four


You were on level 3 of the Lair of Beasts.
You worshipped Nemelex Xobeh.
Nemelex Xobeh was greatly pleased with you.
You visited 4 branches of the dungeon, and saw 16 of its levels.
You also visited: Ossuary.

You collected 1547 gold pieces.
You spent 783 gold pieces at shops.

Inventory:

Hand Weapons
 a - a +4 short sword of flaming (weapon)
 Q - a +1 spear of freezing
Missiles
 s - 18 poisoned darts
 C - 14 boomerangs of dispersal (quivered)
 G - 3 boomerangs
 R - 7 curare-tipped darts
Armour
 t - a +0 cloak
 y - the +0 ring mail of Hytomocw {Str+3}
   (You found it on level 6 of the Dungeon)

   Str:       It affects your strength (+3).
 D - a +2 chain mail of positive energy
 P - a +1 robe of willpower (worn)
 S - a +0 pair of gloves (worn)
 X - the scarf "Mofapp" (worn) {rC+ rF+, rN+}
   (You bought it in a shop on level 8 of the Dungeon)

   rN:        It protects you from negative energy.
Magical Staves
 b - a staff of air
Jewellery
 e - a ring of ice
 j - an amulet of reflection (around neck)
 z - a ring of magical power (left hand)
 I - a +6 ring of dexterity
 T - a +6 ring of strength
 Y - a ring of see invisible (right hand)
Wands
 c - a wand of acid (3)
 f - a wand of flame (15)
 g - a wand of mindburst (1)
 B - a wand of iceblast (16)
 K - a wand of paralysis (10)
Scrolls
 d - 10 scrolls of teleportation
 p - 3 scrolls of immolation
 x - 3 scrolls of magic mapping
 O - a scroll of fear
 U - 5 scrolls of identify
 W - a scroll of blinking
 Z - a scroll of fog
Potions
 h - 4 potions of heal wounds
 i - 3 potions of resistance
 k - 6 potions of ambrosia
 l - a potion of invisibility
 m - a potion of berserk rage
 n - 2 potions of curing
 o - 7 potions of haste
 q - a potion of might
 r - 4 potions of mutation
 u - a potion of brilliance
 w - 2 potions of attraction
 A - 2 potions of lignification
 E - 3 potions of magic
 F - 3 potions of flight
 J - 2 potions of cancellation
Miscellaneous
 M - a piece from Xom's chessboard (15/15)


   Skills:
 - Level 10.1 Fighting
 - Level 11.3 Dodging
 - Level 2.0 Stealth
 - Level 5.0 Spellcasting
 - Level 10.0 Conjurations
 - Level 4.5 Hexes
 - Level 10.9 Fire Magic
 + Level 5.3 Earth Magic


You had 2 spell levels left.
You knew the following spells:

 Your Spells              Type           Power      Damage    Failure   Level
a - Foxfire               Conj/Fire      100%       2x1d9     1%          1
b - Scorch                Fire           100%       2d9       1%          2
c - Inner Flame           Hex/Fire       37%        N/A       1%          3
d - Searing Ray           Conj           94%        2d7       1%          2
e - Stone Arrow           Conj/Erth      74%        3d11      1%          3
f - Fulminant Prism       Conj/Hex       17%        3d10      5%          4
w - Flame Wave            Conj/Fire      49%        2d12      1%          4

Your spell library contained the following spells:

 Spells                   Type           Power      Damage    Failure   Level
 Magic Dart               Conj           100%       1d8       1%          1
 Static Discharge         Conj/Air       52%        2-5/arc   1%          2
 Necrotise                Necr           20%        1d5       11%         1
 Sting                    Tmut/Pois      20%        1d4       11%         1
 Call Imp                 Summ           10%        N/A       16%         2
 Poisonous Vapours        Pois/Air       10%        N/A       16%         2
 Sticky Flame             Conj/Fire      49%        2d7       1%          4
 Volatile Blastmotes      Fire/Tloc      56%        2d14      3%          3
 Ignite Poison            Fire/Tmut/Pois 20%        N/A       8%          3
 Mephitic Cloud           Conj/Pois/Air  19%        N/A       9%          3
 Cause Fear               Hex            12%        N/A       17%         4
 Ozocubu's Armour         Ice            5%         N/A       32%         3
 Vampiric Draining        Necr           5%         2d6       32%         3
 Animate Armour           Summ/Erth      32%        N/A       36%         4
 Anguish                  Hex/Necr       7%         N/A       38%         4
 Freezing Cloud           Conj/Ice/Air   9%         6-21      61%         5
 Airstrike                Air            2%         2d(1-17)  71%         4
 Olgreb's Toxic Radiance  Pois           5%         N/A       71%         4
 Passage of Golubria      Tloc           5%         N/A       71%         4
 Summon Lightning Spire   Summ/Air       5%         N/A       71%         4
 Metabolic Englaciation   Hex/Ice        7%         N/A       75%         5
 Silence                  Hex/Air        7%         N/A       75%         5
 Conjure Ball Lightning   Conj/Air       13%        3x3d6     91%         6
 Agony                    Necr           5%         N/A       96%         5
 Simulacrum               Ice/Necr       2%         N/A       100%        6
 Summon Cactus Giant      Summ           2%         N/A       100%        6
 Enfeeble                 Hex            12%        N/A       100%        7
 Discord                  Hex            12%        N/A       100%        8
 Disjunction              Tloc           2%         N/A       100%        8
 Ignition                 Fire           25%        3d8       100%        8
 Lehudib's Crystal Spear  Conj/Erth      18%        10d6      100%        8


Dungeon Overview and Level Annotations

Branches:
Dungeon (10/15) Zot: 22804  Temple (1/1) D:5 Zot: 5459    Lair (3/5) D:8 Zot: 13353
  Swamp (0/4) Lair:3        Snake (0/4) Lair:3          Orc (2/2) D:10 Zot: 9141
    Elf (0/3) Orc:2       Ossuary (visited)

Altars:
Ashenzari
Cheibriados
Dithmenos
Elyvilon
Fedhas
Gozag
Hepliaklqana
Kikubaaqudgha
Makhleb
Nemelex Xobeh
Okawaru
Qazlal
Ru
Sif Muna
Trog
Uskayaw
Vehumet
Wu Jian
Xom
Yredelemnul
Zin
The Shining One

Shops:
D:3 (   D:4 :   D:8 *   Orc:1 *

Annotations:
D:2 Sigmund
D:5 Dowan, Duvessa
D:9 exclusion: downstairs
Lair:2 exclusion: 2 downstairs


Innate Abilities, Weirdness & Mutations

You have a beak for a mouth.
You have claws for feet.
Your magical nature lets you fly swiftly and evasively.


Message History

The culicivora draws strength from your injuries!
The tarantella barely misses you.
You bump into the rock wall.
The culicivora misses you. The tarantella touches you!
* * * LOW HITPOINT WARNING * * *
You are more confused.
You puncture the tarantella! You burn the tarantella.
Your kick misses the tarantella.
The tarantella is moderately wounded.
The culicivora bites you!
* * * LOW HITPOINT WARNING * * *
The culicivora draws strength from your injuries!
The tarantella misses you. The culicivora closely misses you.
The tarantella touches you but does no damage.
The tarantella attacks as you move away!
The tarantella misses you.
You are too confused!
Unknown command.
Unknown command.
The culicivora bites you.
* * * LOW HITPOINT WARNING * * *
The culicivora draws strength from your injuries!
The culicivora attacks as you move away!
The culicivora completely misses you.
You're too confused to move!
The culicivora barely misses you. The tarantella completely misses you.
The tarantella's wounds heal themselves!
The tarantella misses you. The culicivora bites you!
* * * LOW HITPOINT WARNING * * *
The culicivora draws strength from your injuries!
The tarantella barely misses you. The tarantella completely misses you.
You barely miss the culicivora. Your kick misses the culicivora.
The culicivora barely misses you. The tarantella misses you.
The culicivora misses you. The tarantella completely misses you.
The culicivora attacks as you move away!
The culicivora closely misses you. The culicivora bites you!
You die...
Your body glows with a rainbow of weird colours and disappears.

▒▒............▒▒▒▒▒ ▒▒▒▒
▒..............▒▒.▒▒▒...
▒.......................
▒▒......................
▒......................
▒............▒▒........
▒▒.▒........▒..........
▒▒▒....s.....▒.........
▒▒.....Qs...............
▒..........▒▒▒.▒........
▒▒....▒▒▒<▒▒ ▒▒▒........
▒....▒▒...▒ ▒........
▒...▒▒▒▒..▒ ▒▒........
▒▒...▒▒ ▒.▒▒ ▒.........
▒.....▒▒▒.▒ ▒.........
▒▒...▒▒▒..▒▒ ▒▒........
▒....▒ ▒...▒ ▒........


You could see a culicivora (misshapen) and a tarantella (misshapen).

Vanquished Creatures
  An ettin (Orc:1)
  A swamp dragon (D:10)
  An orc knight (Orc:2)
  Maurice (Orc:2)
  2 black mambas
  A guardian serpent (Orc:2)
  9 cane toads
  2 rime drakes
  4 komodo dragons (Lair:2)
  A burning bush (Lair:1)
  A troll (Orc:2)
  A queen bee (Orc:2)
  2 tyrant leeches (Lair:3)
  2 polar bears (Lair:1)
  4 dream sheep (Lair:3)
  3 wyverns
  14 yaks
  2 basilisks
  3 vampire mosquitoes (D:10)
  2 steam dragons
  A swamp worm (Lair:3)
  4 nagas (Lair:3)
  2 wargs (Orc:2)
  6 water moccasins
  19 orc warriors
  3 ice beasts
  2 black bears
  5 ogres (Orc:2)
  10 wolves
  2 centaurs
  4 phantoms
  3 kobold brigands
  8 bullfrogs
  2 gnoll sergeants
  2 scorpions
  8 wights
  A jelly (D:8)
  14 killer bees
  A howler monkey (D:7)
  A centaur zombie (Ossuary)
  4 hounds
  A human zombie (Ossuary)
  13 orc priests
  2 sleepcaps (D:6)
  A gnoll bouda (D:8)
  2 iguanas
  Natasha (thrice) (D:4)
  19 orc wizards
  A hell rat (Lair:1)
  3 wolf simulacra (Lair:1)
  3 mummies (Ossuary)
  12 gnolls
  6 adders
  2 shadow imps
  2 white imps
  An ufetubus (D:5)
  61 orcs
  A ball python (D:3)
  7 endoplasms
  5 giant cockroaches
  4 goblins
  5 hobgoblins
  3 jackals (D:5)
  23 kobolds
  A quokka (D:2)
  3 bats
  3 gnoll zombies (Ossuary)
  A goblin zombie (Ossuary)
  2 hobgoblin zombies (Ossuary)
  2 rats
  2 rat zombies (D:4)
  A butterfly (Lair:1)
354 creatures vanquished.

Vanquished Creatures (collateral kills)
  Sonja (Orc:2)
  2 yaks (Lair:1)
3 creatures vanquished.

Vanquished Creatures (others)
  An orc priest (Orc:2)
  A sleepcap (D:8)
  An orc wizard (Orc:2)
  631 foxfires
  2 fulminant prisms (Orc:2)
636 creatures vanquished.

Grand Total: 993 creatures vanquished

Notes
Turn   | Place    | Note
-------+----------+-------------------------------------------
     0 | D:1      | shmup the Tengu Fire Elementalist began the quest for the
                  | Orb.
     0 | D:1      | Reached XP level 1. HP: 10/10 MP: 4/4
   222 | D:1      | Found a faded altar of an unknown god.
   343 | D:1      | Reached XP level 2. HP: 15/15 MP: 3/6
   346 | D:1      | Learned a level 2 spell: Scorch
   870 | D:2      | Reached XP level 3. HP: 19/19 MP: 4/7
  1448 | D:2      | Noticed Sigmund
  2453 | D:3      | Found Vinam's Weapon Shoppe.
  2863 | D:4      | Reached XP level 4. HP: 24/24 MP: 5/8
  3015 | D:4      | Found a sand-covered staircase.
  3030 | Ossuary  | Entered an ossuary
  3074 | Ossuary  | Reached skill level 1 in Fighting
  3245 | Ossuary  | Reached skill level 3 in Dodging
  3245 | Ossuary  | Gained mutation: Your magical nature lets you fly swiftly
                  | and evasively. [Tengu growth]
  3245 | Ossuary  | Reached XP level 5. HP: 25/30 MP: 0/9
  3876 | D:4      | Reached skill level 4 in Dodging
  3876 | D:4      | Reached XP level 6. HP: 34/36 MP: 1/10
  4217 | D:4      | Noticed Natasha
  4332 | D:4      | Killed Natasha
  4639 | D:4      | Found Fam Zudgh's Book Boutique.
  4738 | D:4      | Noticed Natasha
  4743 | D:4      | Killed Natasha
  5579 | D:4      | Noticed Natasha
  5584 | D:4      | Killed Natasha
  5650 | D:5      | Entered Level 5 of the Dungeon
  5683 | D:5      | Found a staircase to the Ecumenical Temple.
  5745 | D:5      | Noticed Dowan
  5769 | D:5      | Reached skill level 5 in Dodging
  5769 | D:5      | Reached XP level 7. HP: 27/42 MP: 1/11
  6115 | D:5      | Noticed Duvessa
  6120 | D:4      | Reached skill level 5 in Fighting
  6120 | D:4      | Reached skill level 6 in Dodging
  6640 | D:6      | Reached XP level 8. HP: 50/50 MP: 3/12
  6711 | D:6      | Identified the +0 ring mail of Hytomocw {Str+3}
  7187 | D:6      | Reached skill level 7 in Dodging
  8278 | D:6      | Reached skill level 5 in Fire Magic
  8857 | D:7      | Reached XP level 9. HP: 56/56 MP: 7/13
  9746 | D:8      | Reached skill level 5 in Conjurations
 10085 | D:8      | Learned a level 2 spell: Searing Ray
 10089 | D:8      | Learned a level 3 spell: Inner Flame
 10565 | D:8      | Noticed a rime drake
 10586 | D:8      | Killed a rime drake
 10587 | D:8      | Reached skill level 1 in Hexes
 10814 | D:8      | Found a staircase to the Lair.
 11007 | D:8      | Reached XP level 10. HP: 40/61 MP: 7/14
 11441 | D:8      | Found Retamora's Neck Hole.
 11446 | D:8      | Learned a level 3 spell: Stone Arrow
 12138 | D:9      | Reached skill level 1 in Earth Magic
 13518 | D:9      | Found a blossoming altar of Fedhas.
 13601 | Temple   | Entered the Ecumenical Temple
 14107 | Temple   | Became a worshipper of Nemelex Xobeh the Trickster
 14295 | D:10     | Entered Level 10 of the Dungeon
 14964 | D:10     | Noticed a brown ugly thing
 15004 | D:9      | Learned a level 4 spell: Flame Wave
 15418 | D:10     | Found a staircase to the Orcish Mines.
 16091 | Lair:1   | Entered Level 1 of the Lair of Beasts
 16091 | Lair:1   | Reached * piety under Nemelex Xobeh
 16091 | Lair:1   | Received a gift from Nemelex Xobeh
 16168 | Lair:1   | Noticed a cane toad
 16259 | Lair:1   | Noticed a cane toad
 16290 | D:8      | Reached XP level 11. HP: 10/66 MP: 9/18
 16620 | Orc:1    | Entered Level 1 of the Orcish Mines
 16807 | D:8      | Reached skill level 8 in Dodging
 17747 | Orc:1    | Noticed an orc knight
 18187 | D:8      | Bought the scarf "Mofapp" {rC+ rF+, rN+} for 453 gold
                  | pieces
 18594 | Lair:1   | Reached skill level 9 in Dodging
 19258 | Lair:1   | Received a gift from Nemelex Xobeh
 19987 | Lair:2   | Reached ** piety under Nemelex Xobeh
 20252 | Lair:2   | Reached skill level 10 in Dodging
 20422 | Lair:2   | Learned a level 4 spell: Fulminant Prism
 20900 | Lair:2   | Reached XP level 12. HP: 76/76 MP: 10/20
 21169 | Lair:3   | Found a staircase to the Swamp.
 21575 | Lair:3   | Reached *** piety under Nemelex Xobeh
 21845 | Lair:3   | Found a staircase to the Snake Pit.
 21850 | Lair:3   | Received a gift from Nemelex Xobeh
 23027 | Orc:1    | Found Zurept's Assorted Antiques.
 23092 | Orc:1    | Noticed an ettin
 23110 | Orc:1    | Killed an ettin
 23401 | Orc:2    | Entered Level 2 of the Orcish Mines
 23421 | Orc:2    | Noticed Snorg
 23437 | Orc:2    | Snorg changed into Snorg the queen bee
 23437 | Orc:2    | Noticed Snorg
 23440 | Orc:2    | Killed Snorg the queen bee
 23441 | Orc:2    | Reached skill level 10 in Conjurations
 23441 | Orc:2    | Reached skill level 5 in Earth Magic
 23534 | Orc:2    | Noticed Sonja
 23535 | Orc:2    | Identified the +0 quarterstaff "Bomoi" {freeze, MP+9 Int+3
                  | Dex+2}
 23543 | Orc:2    | Killed Sonja
 23786 | Orc:2    | Found a staircase to the Elven Halls.
 24186 | Orc:2    | Received a gift from Nemelex Xobeh
 24199 | Orc:2    | Reached **** piety under Nemelex Xobeh
 24295 | Orc:2    | Noticed Maurice
 24297 | Orc:2    | Reached skill level 10 in Fire Magic
 24331 | Orc:2    | Killed Maurice
 24931 | Orc:2    | Reached skill level 11 in Dodging
 25270 | Orc:2    | Reached skill level 10 in Fighting
 25569 | Orc:2    | Noticed an orc high priest
 25569 | Orc:2    | Noticed an orc high priest
 26022 | D:8      | Bought an amulet of reflection for 330 gold pieces
 26252 | Lair:3   | Reached skill level 5 in Spellcasting
 26462 | Lair:3   | HP: 1/77 [culicivora (11)]
 26466 | Lair:3   | Mangled by a culicivora

Illustrated notes

Levels and vault maps discovered:
D:1:      dpeg_arrival_arbitrary_b, layout_loops_ring,
          hellmonk_ecumenical_altar_arch_garden
D:2:      layout_basic, dk_noncrumbling_2, minivault_4, minmay_misc_feat_room,
          kennysheep_generic_room_2, uniq_sigmund
D:3:      layout_basic, serial_shops, shop
D:4:      layout_loops_ring, serial_shops, shop_fountains, enter_ossuary_4,
          uniq_natasha
D:5:      layout_basic, minmay_temple_entry_purple_smoke, uniq_duvessa
D:6:      layout_basic, minmay_unpleasant_kobolds
D:7:      layout_layer_cave
D:8:      layout_gridville, hellmonk_lair_entry_icy,
          nicolae_shop_sticking_my_neck_out
D:9:      layout_basic, kennysheep_mini
D:10:     hellmonk_paralyzer, layout_basic, orc_0_dummy
Temple:   mainiacjoe_temple_starburst
Lair:1:   layout_chaotic_city, portal_ice_cave_entry_ice_simulacra,
          evilmike_ambush [evilmike_ambush_outer_corners,
          evilmike_ambush_inner_pond], grunt_megastairs_5, lemuel_fruit_fields,
          lemuel_fruit_tree
Lair:2:   layout_loops_ring
Lair:3:   layout_gridlike, minmay_swamp_entry_worms,
          minmay_snake_entry_guardpost_small, st_stairs_3,
          nicolae_lair_lindhole, infiniplex_staircase_pool_2
Orc:1:    layout_caves, serial_shops, shop
Orc:2:    grunt_orc_tribal_feast, layout_caves, basic_altar, uniq_sonja,
          uniq_snorg, uniq_maurice

Skill      XL: |  1  2  3  4  5  6  7  8  9 10 11 12 |
---------------+-------------------------------------+-----
Conjurations   | 2 3 4 7 8 10 | 10.0
Fire Magic     | 4 5 8 9 10 | 10.9
Fighting       | 2 3 5 6 9 10 | 10.1
Dodging        | 3 4 5 6 7 10 11 | 11.3
Hexes          | 1 4 |  4.5
Earth Magic    | 3 5 |  5.3
Spellcasting   | 4 5 |  5.0
Stealth        | |  2.0

Action                     |  1- 3 |  4- 6 |  7- 9 | 10-12 || total
---------------------------+-------+-------+-------+-------++-------
  Melee: Unarmed           |     4 |       |       |       ||     4
         Kick              |     2 |     7 |    29 |    24 ||    62
         Peck              |     1 |     5 |    19 |    16 ||    41
         Short sword       |     1 |    30 |    91 |    72 ||   194
         Dagger            |     1 |       |       |       ||     1
         Punch             |       |     1 |       |     3 ||     4
   Cast: Foxfire           |    59 |    39 |    81 |   197 ||   376
         Scorch            |     3 |    40 |    87 |   125 ||   255
         Searing Ray       |       |       |     3 |       ||     3
         Stone Arrow       |       |       |       |   115 ||   115
         Flame Wave        |       |       |       |    33 ||    33
         Inner Flame       |       |       |       |    10 ||    10
         Fulminant Prism   |       |       |       |     2 ||     2
 Invoke: Draw Destruction  |       |       |       |    14 ||    14
         Draw Summoning    |       |       |       |     5 ||     5
  Evoke: Wand              |       |       |     2 |     2 ||     4
    Use: Scroll            |    14 |     5 |     2 |    14 ||    35
         Potion            |       |       |     3 |     7 ||    10
 Armour: Robe              |     3 |     9 |     9 |    22 ||    43
  Dodge: Dodged            |    10 |    51 |   134 |   325 ||   520
